TOP OF THE 1ST |
West Virginia Power batting - Pitching for Peoria Chiefs : LHP Danny Rivera
|
Pitching: LHP Danny Rivera
|
|
Batting: RHB Jordan Robinson
|
0-0: Called Strike 0-1: Called Strike 0-2: Strikes out looking
|
Batting: RHB Ted Goldblatt
|
0-0: Ball 1-0: Ball 2-0: Ball 3-0: Base on Balls
|
Batting: RHB Chris Beckham
|
0-0: Called Strike 0-1: Called Strike 0-2: Strikes out swinging
|
Batting: RHB Roberto Guzman
|
0-0: Ball 1-0: Called Strike 1-1: Called Strike 1-2: Foul Ball, location: 2F 1-2: Ball 2-2: Foul Ball, location: 2F 2-2: Foul Ball, location: 2F 2-2: Strikes out swinging, 2-3 out at first.
|
Top of the 1st over - 0 runs, 0 hits, 0 errors, 1 left on base; West Virginia 0 - Peoria 0 |
BOTTOM OF THE 1ST |
Peoria Chiefs batting - Pitching for West Virginia Power : RHP Victor Medina
|
Pitching: RHP Victor Medina
|
|
Batting: SHB Bobby O'Leary
|
0-0: Ball 1-0: Ball 2-0: Ground out 4-3 (Groundball, 4, EV 105.0 MPH)
|
Batting: LHB Billy Guzman
|
0-0: Ball 1-0: Called Strike 1-1: Called Strike 1-2: Ball 2-2: Foul Ball, location: 2F 2-2: Strikes out swinging
|
Batting: SHB Jason Kirby
|
0-0: Ball 1-0: Fly out, F6 (Line Drive, 6, EV 60.6 MPH)
|
Bottom of the 1st over - 0 runs, 0 hits, 0 errors, 0 left on base; West Virginia 0 - Peoria 0 |
TOP OF THE 2ND |
West Virginia Power batting - Pitching for Peoria Chiefs : LHP Danny Rivera
|
Batting: RHB Jose Lozano
|
0-0: Ball 1-0: Called Strike 1-1: Ground out 4-3 (Groundball, 34, EV 98.1 MPH)
|
Batting: RHB Dennis Coppolino
|
0-0: Swinging Strike 0-1: Foul Ball, location: 2F 0-2: Ground out 6-3 (Groundball, 6, EV 85.6 MPH)
|
Batting: RHB Pleun Smit
|
0-0: Ball 1-0: Ground out 4-3 (Groundball, 4, EV 83.1 MPH)
|
Top of the 2nd over - 0 runs, 0 hits, 0 errors, 0 left on base; West Virginia 0 - Peoria 0 |
BOTTOM OF THE 2ND |
Peoria Chiefs batting - Pitching for West Virginia Power : RHP Victor Medina
|
Batting: LHB Adam Eisen
|
0-0: Fly out, F5 (Line Drive, 5, EV 66.2 MPH)
|
Batting: LHB Robert Rauda
|
0-0: Foul Ball, location: 2F 0-1: Fly out, F8 (Flyball, 8LD, EV 93.1 MPH)
|
Batting: RHB Pat Scaturro
|
0-0: Called Strike 0-1: Swinging Strike 0-2: Ball 1-2: Foul Ball, location: 2F 1-2: Strikes out looking
|
Bottom of the 2nd over - 0 runs, 0 hits, 0 errors, 0 left on base; West Virginia 0 - Peoria 0 |
TOP OF THE 3RD |
West Virginia Power batting - Pitching for Peoria Chiefs : LHP Danny Rivera
|
Batting: RHB Alfredo Medrano
|
0-0: Called Strike 0-1: Ball 1-1: Swinging Strike 1-2: Ball 2-2: Strikes out swinging
|
Batting: LHB Alan Pumphrey
|
0-0: Ball 1-0: DOUBLE (Groundball, 3L, EV 104.4 MPH)
|
Batting: RHB Jordan Robinson
|
0-0: Ball 1-0: Called Strike 1-1: Called Strike 1-2: Foul Ball, location: 2F 1-2: Ball 2-2: Ground out 6-3 (Groundball, 6, EV 83.8 MPH) Alan Pumphrey to third
|
Batting: RHB Ted Goldblatt
|
0-0: Ball 1-0: Swinging Strike 1-1: Foul Ball, location: 2F 1-2: Ball 2-2: Strikes out swinging
|
Top of the 3rd over - 0 runs, 1 hit, 0 errors, 1 left on base; West Virginia 0 - Peoria 0 |
BOTTOM OF THE 3RD |
Peoria Chiefs batting - Pitching for West Virginia Power : RHP Victor Medina
|
Batting: SHB Steve Barnett
|
0-0: Ground out 3-1 (Groundball, 34, EV 99.4 MPH)
|
Batting: RHB Tommy Tracy
|
0-0: DOUBLE (Groundball, 5L, EV 103.8 MPH)
|
Batting: RHB Mario Mendoza
|
0-0: Called Strike 0-1: Ball 1-1: Called Strike 1-2: Ball 2-2: Foul Ball, location: 2F 2-2: Foul Ball, location: 2F 2-2: Strikes out swinging
|
Batting: SHB Bobby O'Leary
|
0-0: Foul Ball, location: 2F 0-1: Ground out 5-3 (Groundball, 56, EV 81.2 MPH)
|
Bottom of the 3rd over - 0 runs, 1 hit, 0 errors, 1 left on base; West Virginia 0 - Peoria 0 |
TOP OF THE 4TH |
West Virginia Power batting - Pitching for Peoria Chiefs : LHP Danny Rivera
|
Batting: RHB Chris Beckham
|
0-0: Swinging Strike 0-1: Ball 1-1: Foul Ball, location: 2F 1-2: Foul Ball, location: 2F 1-2: Ball 2-2: Foul Ball, location: 2F 2-2: Foul Ball, location: 2F 2-2: Ground out 6-3 (Groundball, 6, EV 86.2 MPH)
|
Batting: RHB Roberto Guzman
|
0-0: Ball 1-0: Ground out 4-3 (Groundball, 4, EV 83.8 MPH)
|
Batting: RHB Jose Lozano
|
0-0: Ball 1-0: Ball 2-0: Ball 3-0: Called Strike 3-1: Called Strike 3-2: Ground out U3 (Groundball, 3, EV 81.9 MPH)
|
Top of the 4th over - 0 runs, 0 hits, 0 errors, 0 left on base; West Virginia 0 - Peoria 0 |
BOTTOM OF THE 4TH |
Peoria Chiefs batting - Pitching for West Virginia Power : RHP Victor Medina
|
Batting: LHB Billy Guzman
|
0-0: Foul Ball, location: 2F 0-1: Swinging Strike 0-2: Strikes out swinging
|
Batting: SHB Jason Kirby
|
0-0: Called Strike 0-1: Foul Ball, location: 2F 0-2: Ball 1-2: Strikes out swinging
|
Batting: LHB Adam Eisen
|
0-0: Foul Ball, location: 2F 0-1: Called Strike 0-2: Hit by Pitch
|
Batting: LHB Robert Rauda
|
0-0: Ball 1-0: Called Strike 1-1: Ball 2-1: DOUBLE (Flyball, 8RXD, EV 106.2 MPH) Adam Eisen to third Runner from 3rd tries for Home, SAFE, throw by CF to home
|
Batting: RHB Pat Scaturro
|
0-0: Ball 1-0: Ball 2-0: Swinging Strike Passed Ball! Robert Rauda to third 2-1: Fly out, F7 (Flyball, 78S, EV 87.5 MPH)
|
Bottom of the 4th over - 1 run, 1 hit, 0 errors, 1 left on base; West Virginia 0 - Peoria 1 |
TOP OF THE 5TH |
West Virginia Power batting - Pitching for Peoria Chiefs : LHP Danny Rivera
|
Batting: RHB Dennis Coppolino
|
0-0: Foul Ball, location: 2F 0-1: Called Strike 0-2: Strikes out swinging
|
Batting: RHB Pleun Smit
|
0-0: Ball 1-0: Ball 2-0: Ground out 4-3 (Groundball, 4, EV 104.4 MPH)
|
Batting: RHB Alfredo Medrano
|
0-0: Ball 1-0: Called Strike 1-1: Called Strike 1-2: Strikes out swinging
|
Top of the 5th over - 0 runs, 0 hits, 0 errors, 0 left on base; West Virginia 0 - Peoria 1 |
BOTTOM OF THE 5TH |
Peoria Chiefs batting - Pitching for West Virginia Power : RHP Victor Medina
|
Batting: SHB Steve Barnett
|
0-0: Called Strike 0-1: Ball 1-1: Foul Ball, location: 2F 1-2: Foul Ball, location: 2F 1-2: SINGLE (Groundball, 4D, EV 99.4 MPH)
|
Batting: RHB Tommy Tracy
|
0-0: Swinging Strike 0-1: Foul Ball, location: 2F 0-2: Strikes out swinging
|
Batting: RHB Mario Mendoza
|
0-0: Ball 1-0: Ball 2-0: SINGLE (Groundball, 4D, EV 105.0 MPH) Steve Barnett to second Runner from 2nd tries for 3rd, SAFE, throw by RF made to third Mario Mendoza to second
|
Batting: SHB Bobby O'Leary
|
0-0: Ball 1-0: Swinging Strike 1-1: Ball 2-1: Ball 3-1: Ground out U3 (Groundball, 34, EV 83.1 MPH)
|
Batting: LHB Billy Guzman
|
0-0: Ball 1-0: Foul Ball, location: 2F 1-1: Ball Wild Pitch! Steve Barnett scores Mario Mendoza to third 2-1: SINGLE (Line Drive, 78S, EV 102.5 MPH) Mario Mendoza scores
|
Batting: SHB Jason Kirby
|
0-0: Ball 1-0: Called Strike 1-1: 2-RUN HOME RUN (Flyball, 9LD, EV 92.5 MPH), Distance : 333 ft
|
Batting: LHB Adam Eisen
|
0-0: SINGLE (Line Drive, 8LS, EV 93.1 MPH)
|
Batting: LHB Robert Rauda
|
0-0: Called Strike Adam Eisen steals 2nd base (no throw) 0-1: Ball 1-1: DOUBLE (Groundball, 3L, EV 106.9 MPH) Adam Eisen scores
|
Pitching: RHP Travis Luckett
|
|
Batting: RHB Pat Scaturro
|
0-0: Ball 1-0: Ball 2-0: Called Strike 2-1: Ball 3-1: Foul Ball, location: 2F 3-2: Base on Balls
|
Batting: SHB Steve Barnett
|
0-0: Ball 1-0: Called Strike 1-1: Ball 2-1: Called Strike 2-2: Strikes out swinging
|
Bottom of the 5th over - 5 runs, 6 hits, 0 errors, 2 left on base; West Virginia 0 - Peoria 6 |
TOP OF THE 6TH |
West Virginia Power batting - Pitching for Peoria Chiefs : LHP Danny Rivera
|
Batting: LHB Alan Pumphrey
|
0-0: Foul Ball, location: 2F 0-1: Called Strike 0-2: TRIPLE (Line Drive, 78XD, EV 106.2 MPH)
|
Batting: RHB Jordan Robinson
|
0-0: Ball 1-0: Called Strike 1-1: Ball 2-1: Foul Ball, location: 2F 2-2: Strikes out swinging
|
Pitching: RHP Andrew Ray
|
|
Batting: RHB Ted Goldblatt
|
0-0: Ball 1-0: Ball 2-0: Ball 3-0: Base on Balls
|
Batting: RHB Chris Beckham
|
0-0: Called Strike 0-1: Called Strike 0-2: Fielders Choice at 2nd, 1-6 (Groundball, 13, EV 71.9 MPH)
|
Batting: RHB Roberto Guzman
|
0-0: Ball 1-0: Ball 2-0: Ball 3-0: Called Strike 3-1: Foul Ball, location: 2F 3-2: Strikes out looking
|
Top of the 6th over - 0 runs, 1 hit, 0 errors, 2 left on base; West Virginia 0 - Peoria 6 |
BOTTOM OF THE 6TH |
Peoria Chiefs batting - Pitching for West Virginia Power : RHP Travis Luckett
|
Batting: RHB Tommy Tracy
|
0-0: Called Strike 0-1: Called Strike 0-2: Ball 1-2: SINGLE (Line Drive, 6D, EV 107.5 MPH)
|
Batting: RHB Mario Mendoza
|
0-0: Fielders Choice at 2nd, 4-6 (Groundball, 34, EV 99.4 MPH)
|
Batting: SHB Bobby O'Leary
|
0-0: Ball 1-0: Foul Ball, location: 2F 1-1: Called Strike Mario Mendoza steals 2nd base (no throw) 1-2: Strikes out looking
|
Batting: LHB Billy Guzman
|
0-0: Ball 1-0: Ground out U3 (Groundball, 34, EV 104.4 MPH)
|
Bottom of the 6th over - 0 runs, 1 hit, 0 errors, 1 left on base; West Virginia 0 - Peoria 6 |
TOP OF THE 7TH |
West Virginia Power batting - Pitching for Peoria Chiefs : RHP Andrew Ray
|
Batting: RHB Jose Lozano
|
0-0: Ball 1-0: Ball 2-0: Called Strike 2-1: Called Strike 2-2: Strikes out looking
|
Batting: RHB Dennis Coppolino
|
0-0: Ball 1-0: SINGLE (Groundball, 56D, EV 97.5 MPH)
|
Batting: RHB Pleun Smit
|
0-0: Called Strike 0-1: Ball 1-1: Ball 2-1: SINGLE (Groundball, 4M, EV 99.4 MPH) (infield hit) Dennis Coppolino to second
|
Batting: RHB Alfredo Medrano
|
0-0: Foul Ball, location: 2F 0-1: Ball 1-1: Foul Ball, location: 2F 1-2: Strikes out swinging
|
Batting: LHB Alan Pumphrey
|
0-0: SINGLE (Groundball, 56, EV 96.9 MPH) Dennis Coppolino to third Pleun Smit to second Runner from 3rd tries for Home, throw by LF and OUT! 7-2
|
Top of the 7th over - 0 runs, 3 hits, 0 errors, 2 left on base; West Virginia 0 - Peoria 6 |
BOTTOM OF THE 7TH |
Peoria Chiefs batting - Pitching for West Virginia Power : RHP Travis Luckett
|
Batting: SHB Jason Kirby
|
0-0: Called Strike 0-1: Ball 1-1: DOUBLE (Groundball, 3L, EV 103.8 MPH)
|
Batting: LHB Adam Eisen
|
0-0: Swinging Strike 0-1: Foul Ball, location: 2F 0-2: Ball 1-2: Ball 2-2: Ball 3-2: Ground out 5-3 (Groundball, 5, EV 112.5 MPH)
|
Batting: LHB Robert Rauda
|
0-0: Ball 1-0: Ball 2-0: Called Strike 2-1: Ball 3-1: Foul Ball, location: 2F 3-2: Base on Balls
|
Pitching: RHP Mike West
|
|
Batting: RHB Pat Scaturro
|
0-0: Ball Jason Kirby steals 3rd base (no throw) Robert Rauda to second 1-0: Called Strike 1-1: Called Strike 1-2: Ball 2-2: Ground out 6-3 (Groundball, 6, EV 89.4 MPH) Jason Kirby scores Robert Rauda to third
|
Batting: SHB Steve Barnett
|
0-0: Foul Ball, location: 2F 0-1: Ball 1-1: Called Strike 1-2: SINGLE (Line Drive, 8LS, EV 89.4 MPH) Robert Rauda scores
|
Batting: RHB Tommy Tracy
|
0-0: Called Strike 0-1: Ball 1-1: Fly out, F7 (Flyball, 7, EV 86.9 MPH)
|
Bottom of the 7th over - 2 runs, 2 hits, 0 errors, 1 left on base; West Virginia 0 - Peoria 8 |
TOP OF THE 8TH |
West Virginia Power batting - Pitching for Peoria Chiefs : RHP Andrew Ray
|
Batting: RHB Jordan Robinson
|
0-0: Ball 1-0: Ground out 5-3 (Groundball, 5, EV 85.0 MPH)
|
Batting: RHB Ted Goldblatt
|
0-0: Ball 1-0: Foul Ball, location: 2F 1-1: Ball 2-1: Ground out 6-3 (Groundball, 6, EV 97.5 MPH)
|
Batting: RHB Chris Beckham
|
0-0: Called Strike 0-1: Ball 1-1: Foul Ball, location: 2F 1-2: Strikes out swinging
|
Top of the 8th over - 0 runs, 0 hits, 0 errors, 0 left on base; West Virginia 0 - Peoria 8 |
BOTTOM OF THE 8TH |
Peoria Chiefs batting - Pitching for West Virginia Power : RHP Mike West
|
Batting: RHB Mario Mendoza
|
0-0: Ground out 6-3 (Groundball, 56, EV 102.5 MPH)
|
Batting: SHB Bobby O'Leary
|
0-0: Called Strike 0-1: Fly out, F8 (Flyball, 89M, EV 88.8 MPH)
|
Batting: LHB Billy Guzman
|
0-0: Ball 1-0: Ball 2-0: Ball 3-0: Base on Balls
|
Batting: SHB Jason Kirby
|
0-0: SINGLE (Groundball, 23, EV 66.9 MPH) (infield hit) Billy Guzman to second
|
Batting: LHB Adam Eisen
|
0-0: Called Strike 0-1: Foul Ball, location: 2F 0-2: Ball 1-2: Strikes out swinging
|
Bottom of the 8th over - 0 runs, 1 hit, 0 errors, 2 left on base; West Virginia 0 - Peoria 8 |
TOP OF THE 9TH |
West Virginia Power batting - Pitching for Peoria Chiefs : RHP Andrew Ray
|
Batting: RHB Roberto Guzman
|
0-0: Ball 1-0: Called Strike 1-1: Foul Ball, location: 2F 1-2: Ball 2-2: Ball 3-2: Strikes out looking
|
Batting: RHB Jose Lozano
|
0-0: Foul Ball, location: 2F 0-1: Foul Ball, location: 2F 0-2: Ball 1-2: Strikes out swinging
|
Pinch Hitting: RHB Nick Wilkins
|
0-0: Ball 1-0: Called Strike 1-1: Ball 2-1: Ball 3-1: Ground out 2-3 (Groundball, 15S, EV 74.4 MPH)
|
Top of the 9th over - 0 runs, 0 hits, 0 errors, 0 left on base; West Virginia 0 - Peoria 8 |
|